 Dungeon Crawl Stone Soup version 0.29.0-15-g675c0067aa (webtiles) character file.

Game seed: 12519503888848718665

133314 qw the Warrior (level 16, -4/156 (157) HPs)
             Began as a Minotaur Berserker on Sept 11, 2022.
             Was an Elder of Trog.
             Blown up by an orb spider (46 damage)
             ... with an orb of destruction
             ... on level 3 of the Spider Nest.
             The game lasted 00:13:14 (34700 turns).

qw the Warrior (Minotaur Berserker)                Turns: 34700, Time: 00:13:15

HP:   -4/156 (157)  AC: 35    Str: 28    XL:     16   Next: 59%
MP:   15/15         EV: 12    Int:  4    God:    Trog [****..]
Gold: 577           SH: 19    Dex: 16    Spells: 15/15 levels left

rFire   . . .      SeeInvis +   v - +1 broad axe (flame)
rCold   + . .      Faith    .   w - +0 kite shield
rNeg    . . .      Spirit   .   i - +3 plate armour
rPois   +          Reflect  +   x - +1 hat
rElec   .          Harm     .   b - +4 cloak of Surprise {Dex+4}
rCorr   .          Rampage  .   p - +2 pair of gloves
Will    +....                   c - +3 pair of mountain boots {steadfast, rC+}
Stlth   ..........              d - amulet of reflection
HPRegen 0.36/turn               t - ring of poison resistance
MPRegen 0.14/turn               k - ring of see invisible

@: on berserk cooldown, slowed, lightly drained, very slow
A: horns 2, retaliatory headbutt, subdued magic 1
a: Renounce Religion, Berserk, Trog's Hand, Brothers in Arms


You were on level 3 of the Spider Nest.
You worshipped Trog.
Trog was greatly pleased with you.
You visited 4 branches of the dungeon, and saw 25 of its levels.
You also visited: Sewer.

You collected 2494 gold pieces.
You spent 1917 gold pieces at shops.


Innate Abilities, Weirdness & Mutations

You have a pair of horns on your head.
You reflexively headbutt those who attack you in melee.
Your spells are a little easier to cast, but a little less powerful.


   Skills:
 - Level 18.0 Fighting
 - Level 18.0 Axes
 - Level 8.0 Throwing
 + Level 16.0 Armour
 - Level 10.1 Dodging
 - Level 16.0 Shields


You had 15 spell levels left.
You didn't know any spells.
Your spell library was empty.

Inventory:

Hand Weapons
 v - a +1 broad axe of flaming (weapon)
Missiles
 m - a javelin (quivered)
 u - 8 boomerangs
Armour
 b - the +4 cloak of Surprise (worn) {Dex+4}
   (You acquired it on level 3 of the Dungeon)

   Dex:       It affects your dexterity (+4).
 c - the +3 pair of mountain boots (worn) {steadfast, rC+}
   (You bought it in a shop on level 2 of the Orcish Mines)

   It prevents involuntary movement, except for blinking, teleportation, or
   banishment.
   rC:        It protects you from cold.
 i - a +3 plate armour (worn)
 o - the +1 pair of boots "Vuc Nof" {rCorr Str+2}
   (You bought it in a shop on level 2 of the Orcish Mines)

   Str:       It affects your strength (+2).
   rCorr:     It protects you from acid and corrosion.
 p - a +2 pair of gloves (worn)
 s - a scarf of resistance
 w - a +0 kite shield (worn)
 x - a +1 hat (worn)
Jewellery
 d - an amulet of reflection (around neck)
 k - a ring of see invisible (right hand)
 n - a +4 ring of protection
 q - a ring of protection from fire
 t - a ring of poison resistance (left hand)
 Y - a +4 ring of evasion
Scrolls
 a - 10 scrolls of teleportation
 e - 10 scrolls of identify
Potions
 f - 6 potions of curing
 g - 2 potions of haste
 h - 2 potions of resistance
 l - 5 potions of mutation
 r - 5 potions of might

Dungeon Overview and Level Annotations

Branches:
Dungeon (15/15)            Temple (0/1) D:6            Lair (5/5) D:11
 Shoals (0/4) Lair:3       Spider (3/4) Lair:3        Slime (0/5) Lair:5
    Orc (2/2) D:9             Elf (0/3) Orc:2        Vaults (0/5) D:14
 Depths (0/4) D:15          Sewer (visited)

Altars:
Ashenzari
Dithmenos
Gozag
Kikubaaqudgha
Qazlal
Uskayaw
Jiyva
Lugonu

Shops:
D:4 *   D:5 *=*!*   D:14 ?   Orc:2 :(([[

Portals:
Abyss: Lair:5

Annotations:
D:6 2 transporters, qw's ghost, amateur GrFi
D:11 3 runed translucent doors, qw's ghost, journeyman MiBe
D:15 2 runed translucent doors, Xiestris's ghost, journeyman DsGl
Lair:2 2 transporters, qw's ghost, journeyman TrCA


Message History

You hit the torpor snail. You burn the torpor snail.
The orb spider weaves a glowing orb of energy.
The entropy weaver hits you.
You block the entropy weaver's attack. x2
The entropy weaver hits you but does no damage.
Your two-headed ogre completely misses the orb spider.
Your two-headed ogre hits the orb spider with a +0 giant club!
The orb spider dies!
Trog accepts your kill.
A freezing mist starts to gather...
An orb of destruction and an orb spider simulacrum come into view.
You hit the entropy weaver. You burn the entropy weaver.
Your headbutt misses the entropy weaver.
The entropy weaver is lightly wounded.
You hit the torpor snail. You burn the torpor snail.
The entropy weaver hits you!
The entropy weaver hits you but does no damage. x2
You block the entropy weaver's attack.
The orb spider weaves a glowing orb of energy.
The wavering orb of destruction hits the torpor snail!!
You block the entropy weaver's attack.
The entropy weaver hits you but does no damage.
The entropy weaver barely misses you. x2
An orb of destruction comes into view.
You barely miss the steelbarb worm. You headbutt the steelbarb worm.
The steelbarb worm is severely wounded.
You miss the entropy weaver. You block the steelbarb worm's attack.
You block the entropy weaver's attack. The entropy weaver hits you. x2
The entropy weaver hits you but does no damage.
The steelbarb worm barely misses you.
The torpor snail barely misses your two-headed ogre.
Your two-headed ogre hits the entropy weaver with a +0 giant spiked club!!!
Your two-headed ogre hits the entropy weaver with a +0 giant club!!
You hear a faint skittering sound.
You barely miss the entropy weaver.
The entropy weaver is almost dead.
You slash the orb spider simulacrum!
You melt the orb spider simulacrum.
You slash the steelbarb worm! You burn the steelbarb worm.
The orb of destruction hits you!!!
You die...

..####....
.......^^##.... ......
...............##.....
.........^..........^
....................####
.#....#.................
###...# .... #.Ow0.s..^.
..##### w#^.#.B%Z......
....#~. ~#~#..@w#
....~~. #~#...0.#
^..#### ##^~#..0.#
...^..# ##...#...s#
......###....##.###
.....##.#....(~~#
......^)......#.0.#
..#........####[*.#
..#>.......^~...0...


You could see an entropy weaver (soul bound, ally target), a steelbarb worm
(soul bound), a torpor snail (distracted), 2 orb spiders, an orb spider
simulacrum and a friendly two-headed ogre (summoned, berserk, slow).

Vanquished Creatures
  Arachne (Spider:3)
  An emperor scorpion (Spider:3)
  An entropy weaver (Spider:2)
  Josephine (D:12)
  A fire dragon (D:15)
  Harold (D:9)
  4 vault guards (D:14)
  An ice dragon (D:15)
  9 hydras
  5 boulder beetles
  A death knight (D:12)
  4 centaur warriors
  4 radroaches
  6 two-headed ogres
  Urug (Lair:5)
  4 tengu warriors
  2 thrashing horrors (Lair:5)
  3 orc high priests (Orc:2)
  Nergalle (Orc:1)
  3 sun demons (D:15)
  A soul eater (D:15)
  5 pharaoh ants
  A sun moth (Spider:2)
  5 steelbarb worms
  3 orb spiders
  A wizard (D:15)
  A lindwurm (Lair:5)
  4 orc knights
  An oklob plant (Lair:5)
  4 deep elf pyromancers
  5 manticores
  3 orc sorcerers
  5 cyclopes
  14 wolf spiders
  13 ugly things
  6 black mambas
  5 elephants (Lair:5)
  A guardian serpent (shapeshifter) (Lair:5)
  2 moths of wrath (Spider:3)
  3 rust devils (D:15)
  3 smoke demons (Lair:5)
  3 gargoyles (D:12)
  Maurice (D:12)
  5 torpor snails
  3 orange demons (D:15)
  4 demonic crawlers
  7 cane toads
  A freezing wraith (D:15)
  4 kobold demonologists
  An ancient zyme (Lair:5)
  12 komodo dragons
  2 hellwings (D:15)
  3 ice devils (D:15)
  2 rime drakes
  A yaktaur (D:12)
  4 tengu conjurers
  2 red devils (D:15)
  2 merfolk (Lair:3)
  3 meliai (D:14)
  7 trolls
  3 polar bears
  Prince Ribbit (D:9)
  A hornet (D:9)
  20 tarantellas
  31 blink frogs
  6 dream sheep
  3 slime creatures (D:12)
  Sigmund (D:5)
  14 culicivoras
  17 jumping spiders
  2 shadows (D:12)
  35 yaks
  3 vampires
  7 wraiths
  9 small abominations (Lair:5)
  A spriggan (D:8)
  A neqoxec (D:15)
  10 basilisks
  3 chaos spawn
  21 redbacks
  2 steam dragons
  Edmund (D:5)
  13 vampire mosquitoes
  A warg (Orc:1)
  3 acid dragons
  A large abomination (Lair:5)
  12 water moccasins
  2 black bears (Lair:1)
  3 sky beasts
  22 orc warriors
  3 ice beasts
  8 ogres
  A boggart (D:14)
  20 wolves
  3 centaurs
  A phantom (D:6)
  6 kobold brigands
  14 bullfrogs
  2 necrophages
  5 gnoll sergeants
  8 wights
  A scorpion (D:5)
  18 killer bees
  8 howler monkeys
  4 jellies
  2 gnoll boudas
  16 orc priests
  6 hounds
  24 orc wizards
  Ijyb (D:5)
  An iguana (D:5)
  Natasha (thrice) (D:3)
  3 merfolk sirens
  A merfolk avatar (Sewer)
  37 gnolls
  5 adders
  5 river rats (Sewer)
  A shadow imp (D:7)
  2 white imps
  An ufetubus (D:6)
  2 worms
  2 dart slugs
  81 orcs
  9 bats
  7 endoplasms
  9 giant cockroaches
  4 goblins
  7 hobgoblins
  14 jackals
  27 kobolds
  A quokka (D:1)
  11 ball pythons
  7 frilled lizards
  24 rats
871 creatures vanquished.

Vanquished Creatures (collateral kills)
  2 hydras
  2 orb spiders
  A lindwurm (Lair:5)
  An orc sorcerer (Orc:2)
  A cane toad (Lair:5)
  2 jumping spiders (Spider:2)
  2 wolves (Lair:5)
11 creatures vanquished.

Vanquished Creatures (others)
  An orc (Orc:2)
  3 demonic plants (D:15)
  11 fungi
  41 plants
56 creatures vanquished.

Grand Total: 938 creatures vanquished

Notes
Turn   | Place    | Note
-------+----------+-------------------------------------------
     0 | D:1      | qw the Minotaur Berserker began the quest for the Orb.
     0 | D:1      | Reached XP level 1. HP: 19/19 MP: 0/0
     0 | D:1      | 0 ||| qw: Version: 0.1-a-119-g272c26d
     0 | D:1      | 0 ||| qw: Game counter: 10735
     0 | D:1      | 0 ||| qw: Always use a shield: true
     0 | D:1      | 0 ||| qw: Do Orc after D:15 true
     0 | D:1      | 0 ||| qw: Do second Lair branch before Depths: true
     0 | D:1      | 0 ||| qw: Lair rune preference: random
     0 | D:1      | 0 ||| qw: Plans: Normal
     0 | D:1      | 0 ||| PLANNING D:1-11
   178 | D:1      | Reached XP level 2. HP: 24/26 MP: 1/1
   912 | D:1      | Found a faded altar of an unknown god.
   946 | D:1      | 946 ||| READING 2 scrolls labelled ALIMOXTUTIE.
   949 | D:1      | 949 ||| READING 2 scrolls labelled OCITEEG USMETI.
   950 | D:1      | 950 ||| READING scroll labelled DAIFEOSSOA.
   951 | D:1      | 951 ||| DRINKING 2 bubbling yellow potions.
  1023 | D:2      | Reached XP level 3. HP: 31/31 MP: 2/2
  1075 | D:2      | Reached ** piety under Trog
  1178 | D:2      | 1178 ||| INVOKING Berserk.
  2003 | D:2      | 2003 ||| UPGRADING to +4 ring of evasion.
  2004 | D:2      | 2004 ||| READING scroll labelled FEK VALO GYS.
  2005 | D:2      | 2005 ||| READING scroll labelled JIAQUXIATI.
  2006 | D:2      | 2006 ||| READING scroll labelled INAJOR QIVAEX.
  2199 | D:3      | 2199 ||| DROPPING +0 club.
  2295 | D:3      | Noticed Natasha
  2296 | D:3      | 2296 ||| Stepping ~*~*~tactically~*~*~ (stealth).
  2303 | D:3      | 2303 ||| Stepping ~*~*~tactically~*~*~ (stealth).
  2305 | D:3      | 2305 ||| Stepping ~*~*~tactically~*~*~ (stealth).
  2330 | D:3      | 2330 ||| Stepping ~*~*~tactically~*~*~ (hiding).
  2333 | D:3      | 2333 ||| INVOKING Berserk.
  2338 | D:3      | Killed Natasha
  2339 | D:3      | Reached skill level 6 in Axes
  2339 | D:3      | Reached XP level 4. HP: 39/39 MP: 3/3
  2415 | D:3      | 2415 ||| Stepping ~*~*~tactically~*~*~ (stealth).
  2417 | D:3      | 2417 ||| Stepping ~*~*~tactically~*~*~ (stealth).
  2418 | D:3      | 2418 ||| Stepping ~*~*~tactically~*~*~ (stealth).
  2419 | D:3      | 2419 ||| Stepping ~*~*~tactically~*~*~ (stealth).
  2420 | D:3      | 2420 ||| Stepping ~*~*~tactically~*~*~ (stealth).
  2421 | D:3      | 2421 ||| Stepping ~*~*~tactically~*~*~ (stealth).
  2479 | D:3      | 2479 ||| Stepping ~*~*~tactically~*~*~ (stealth).
  2492 | D:3      | 2492 ||| Stepping ~*~*~tactically~*~*~ (stealth).
  2493 | D:3      | 2493 ||| Stepping ~*~*~tactically~*~*~ (stealth).
  2496 | D:3      | 2496 ||| Stepping ~*~*~tactically~*~*~ (stealth).
  2499 | D:3      | 2499 ||| Stepping ~*~*~tactically~*~*~ (stealth).
  2561 | D:3      | Noticed Natasha
  2562 | D:3      | 2562 ||| INVOKING Berserk.
  2568 | D:3      | Killed Natasha
  2640 | D:3      | Noticed Natasha
  2643 | D:3      | 2643 ||| INVOKING Berserk.
  2646 | D:3      | Killed Natasha
  2647 | D:3      | Reached XP level 5. HP: 45/45 MP: 4/4
  2817 | D:3      | 2817 ||| INVOKING Berserk.
  2938 | D:3      | 2938 ||| DROPPING +0 flail.
  3287 | D:3      | 3287 ||| UPGRADING to +0 ring mail.
  3297 | D:3      | 3297 ||| DROPPING +0 animal skin.
  3298 | D:3      | 3298 ||| UPGRADING to +0 cloak.
  3303 | D:3      | 3303 ||| UPGRADING to amulet of reflection.
  3308 | D:3      | 3308 ||| UPGRADING to ring of protection from fire.
  3309 | D:3      | 3309 ||| READING scroll labelled HIMOELE AHIGA.
  3310 | D:3      | 3310 ||| READING scroll labelled GOAWIW BEOH.
  3310 | D:3      | Identified a scroll of acquirement
  3310 | D:3      | 3310 ||| ACQUIRING +4 cloak of Surprise {Dex+4}
  3310 | D:3      | Acquired the +4 cloak of Surprise {Dex+4}
  3312 | D:3      | 3312 ||| UPGRADING to +4 cloak of Surprise {Dex+4}.
  3322 | D:3      | 3322 ||| DROPPING +0 cloak.
  3323 | D:3      | 3323 ||| READING 3 scrolls of identify.
  3323 | D:3      | 3323 ||| IDENTIFYING pink potion
  3324 | D:3      | 3324 ||| READING 2 scrolls of identify.
  3324 | D:3      | 3324 ||| IDENTIFYING emerald potion
  3520 | D:4      | 3520 ||| INVOKING Berserk.
  3677 | D:4      | 3677 ||| Stepping ~*~*~tactically~*~*~ (stealth).
  3683 | D:4      | 3683 ||| Stepping ~*~*~tactically~*~*~ (stealth).
  3746 | D:4      | 3746 ||| SWAPPING to +6 hand axe.
  3747 | D:4      | 3747 ||| DROPPING +1 hand axe.
  3822 | D:4      | Reached XP level 6. HP: 52/52 MP: 5/5
  3912 | D:4      | 3912 ||| INVOKING Berserk.
  4082 | D:4      | Found a stormy altar of Qazlal.
  4088 | D:4      | 4088 ||| READING scroll of enchant weapon.
  4088 | D:4      | 4088 ||| ENCHANTING +6 hand axe.
  4183 | D:4      | Found Buzelur's Elemental Accessories.
  4227 | D:4      | 4227 ||| Stepping ~*~*~tactically~*~*~ (stealth).
  4232 | D:4      | 4232 ||| INVOKING Berserk.
  4259 | D:4      | 4259 ||| Stepping ~*~*~tactically~*~*~ (stealth).
  4262 | D:4      | 4262 ||| FLEEEEING.
  4279 | D:4      | Reached *** piety under Trog
  4433 | D:4      | 4433 ||| INVOKING Berserk.
  4503 | D:4      | 4503 ||| INVOKING Berserk.
  4549 | D:4      | 4549 ||| INVOKING Berserk.
  4575 | D:4      | Reached skill level 9 in Axes
  4585 | D:4      | Reached XP level 7. HP: 36/61 MP: 6/6
  4604 | D:4      | 4604 ||| FLEEEEING.
  4605 | D:4      | 4605 ||| FLEEEEING.
  4606 | D:4      | 4606 ||| FLEEEEING.
  4607 | D:4      | 4607 ||| FLEEEEING.
  4611 | D:4      | 4611 ||| FLEEEEING.
  4612 | D:4      | 4612 ||| FLEEEEING.
  4613 | D:4      | 4613 ||| FLEEEEING.
  4614 | D:4      | 4614 ||| FLEEEEING.
  4615 | D:4      | 4615 ||| FLEEEEING.
  4616 | D:4      | 4616 ||| FLEEEEING.
  4617 | D:4      | 4617 ||| FLEEEEING.
  4618 | D:4      | 4618 ||| FLEEEEING.
  4622 | D:4      | 4622 ||| FLEEEEING.
  4623 | D:4      | 4623 ||| FLEEEEING.
  4624 | D:4      | 4624 ||| FLEEEEING.
  4625 | D:4      | 4625 ||| FLEEEEING.
  4626 | D:4      | 4626 ||| FLEEEEING.
  4627 | D:4      | 4627 ||| FLEEEEING.
  4633 | D:4      | 4633 ||| FLEEEEING.
  4743 | D:4      | 4743 ||| Stepping ~*~*~tactically~*~*~ (stealth).
  4748 | D:4      | 4748 ||| Stepping ~*~*~tactically~*~*~ (stealth).
  4779 | D:4      | 4779 ||| Stepping ~*~*~tactically~*~*~ (stealth).
  4799 | D:4      | 4799 ||| Stepping ~*~*~tactically~*~*~ (stealth).
  4840 | D:4      | 4840 ||| Stepping ~*~*~tactically~*~*~ (stealth).
  4841 | D:4      | 4841 ||| Stepping ~*~*~tactically~*~*~ (stealth).
  4842 | D:4      | 4842 ||| Stepping ~*~*~tactically~*~*~ (stealth).
  5035 | D:4      | 5035 ||| UPGRADING to +0 chain mail.
  5045 | D:4      | 5045 ||| DROPPING +0 ring mail.
  5046 | D:4      | 5046 ||| UPGRADING to ring of see invisible.
  5048 | D:4      | 5048 ||| READING scroll labelled ENAONA ESIBIQET.
  5049 | D:4      | 5049 ||| READING scroll labelled HIONAI LAGECKE.
  5050 | D:4      | 5050 ||| READING scroll labelled LUALISSAGY.
  5106 | D:5      | Entered Level 5 of the Dungeon
  5106 | D:5      | Found Nuechinim's Assorted Antiques.
  5110 | D:5      | 5110 ||| BUYING glowing sapphire potion (18 gold).
  5110 | D:5      | Bought a glowing sapphire potion for 18 gold pieces
  5110 | D:5      | 5110 ||| BUYING ichor-stained hand axe (160 gold).
  5110 | D:5      | Bought an ichor-stained hand axe for 160 gold pieces
  5110 | D:5      | Identified the +10 hand axe of Xom's Felicitations {chaos,
                  | rN+ Dex+4} (You bought it in a shop on level 5 of the
                  | Dungeon)
  5110 | D:5      | 5110 ||| SHOPLISTING plate armour (460 gold, have 33).
  5110 | D:5      | 5110 ||| SHOPLISTING potion of haste (200 gold, have 33).
  5110 | D:5      | 5110 ||| SHOPLISTING scroll of enchant weapon (150 gold,
                  | have 33).
  5110 | D:5      | 5110 ||| SHOPLISTING scroll of teleportation (60 gold, have
                  | 33).
  5110 | D:5      | 5110 ||| SHOPLISTING war axe (70 gold, have 33).
  5110 | D:5      | 5110 ||| SWAPPING to +10 hand axe of Xom's Felicitations
                  | {chaos, rN+ Dex+4}.
  5111 | D:5      | 5111 ||| DROPPING +7 hand axe.
  5113 | D:5      | Found Exkar's Distillery.
  5115 | D:5      | 5115 ||| Stepping ~*~*~tactically~*~*~ (hiding).
  5116 | D:5      | 5116 ||| Stepping ~*~*~tactically~*~*~ (hiding).
  5118 | D:5      | Noticed Sigmund
  5119 | D:5      | 5119 ||| INVOKING Berserk.
  5122 | D:5      | Killed Sigmund
  5170 | D:5      | 5170 ||| SHOPLISTING potion of curing (36 gold, have 33).
  5170 | D:5      | 5170 ||| SHOPLISTING potion of mutation (96 gold, have 33).
  5170 | D:5      | 5170 ||| SHOPLISTING potion of resistance (120 gold, have
                  | 33).
  5229 | D:5      | 5229 ||| INVOKING Berserk.
  5231 | D:5      | Reached skill level 3 in Dodging
  5418 | D:5      | 5418 ||| INVOKING Berserk.
  5421 | D:5      | Reached XP level 8. HP: 70/70 MP: 7/7
  5425 | D:5      | Reached skill level 6 in Fighting
  5571 | D:5      | Noticed Ijyb
  5572 | D:5      | 5572 ||| FLEEEEING.
  5573 | D:5      | 5573 ||| FLEEEEING.
  5574 | D:5      | 5574 ||| FLEEEEING.
  5575 | D:5      | 5575 ||| FLEEEEING.
  5576 | D:5      | 5576 ||| FLEEEEING.
  5577 | D:5      | 5577 ||| FLEEEEING.
  5578 | D:5      | 5578 ||| FLEEEEING.
  5581 | D:5      | 5581 ||| FLEEEEING.
  5582 | D:5      | 5582 ||| FLEEEEING.
  5583 | D:5      | 5583 ||| FLEEEEING.
  5584 | D:5      | 5584 ||| FLEEEEING.
  5591 | D:5      | 5591 ||| INVOKING Berserk.
  5592 | D:5      | Killed Ijyb
  5621 | D:5      | Noticed Edmund
  5622 | D:5      | 5622 ||| FLEEEEING.
  5649 | D:5      | 5649 ||| INVOKING Berserk.
  5651 | D:5      | Killed Edmund
  5756 | D:5      | Found Kafot's Assorted Antiques.
  5778 | D:5      | 5778 ||| BUYING coppery potion (22 gold).
  5778 | D:5      | Bought a coppery potion for 22 gold pieces
  5778 | D:5      | 5778 ||| SHOPLISTING crystal plate armour (2000 gold, have
                  | 58).
  5778 | D:5      | 5778 ||| SHOPLISTING potion of curing (75 gold, have 58).
  5778 | D:5      | 5778 ||| SHOPLISTING scroll of teleportation (75 gold, have
                  | 58).
  5857 | D:5      | Found Ehiudoumis's General Store.
  5860 | D:5      | 5860 ||| BUYING scroll of identify (22 gold).
  5860 | D:5      | Bought a scroll of identify for 22 gold pieces
  5936 | D:5      | Found Cieruc's Jewellery Shoppe.
  5945 | D:5      | 5945 ||| SHOPLISTING +4 ring of protection (360 gold, have
                  | 47).
  5945 | D:5      | 5945 ||| SHOPLISTING +6 ring of dexterity (360 gold, have
                  | 47).
  5945 | D:5      | 5945 ||| SHOPLISTING ring of Aful {rN+ EV+4} (472 gold,
                  | have 47).
  5945 | D:5      | 5945 ||| SHOPLISTING ring of ice (250 gold, have 47).
  5979 | D:5      | 5979 ||| UPGRADING to +0 pair of gloves.
  5984 | D:5      | 5984 ||| READING scroll labelled ZIPTYCZOZYSS.
  5985 | D:5      | 5985 ||| DRINKING 2 fuming silvery potions.
  6013 | D:5      | 6013 ||| READING 3 scrolls of identify.
  6013 | D:5      | 6013 ||| IDENTIFYING smoky dark potion
  6014 | D:5      | 6014 ||| READING 2 scrolls of identify.
  6014 | D:5      | 6014 ||| IDENTIFYING glowing sapphire potion
  6015 | D:5      | 6015 ||| DROPPING potion of invisibility.
  6016 | D:5      | 6016 ||| DROPPING potion of lignification.
  6027 | D:6      | 6027 ||| PLANNING SEWER
  6031 | D:6      | 6031 ||| STAIRDANCE
  6044 | D:6      | 6044 ||| STAIRDANCE
  6101 | D:6      | Found a glowing drain.
  6102 | D:6      | 6102 ||| FLEEEEING.
  6103 | D:6      | 6103 ||| FLEEEEING.
  6105 | D:6      | 6105 ||| FLEEEEING.
  6106 | D:6      | 6106 ||| FLEEEEING.
  6107 | D:6      | 6107 ||| FLEEEEING.
  6108 | D:6      | 6108 ||| STAIRDANCE
  6112 | D:6      | 6112 ||| STAIRDANCE
  6116 | D:6      | 6116 ||| STAIRDANCE
  6121 | D:6      | 6121 ||| STAIRDANCE
  6126 | D:6      | 6126 ||| STAIRDANCE
  6155 | Sewer    | Entered a sewer
  6217 | Sewer    | Reached **** piety under Trog
  6249 | Sewer    | 6249 ||| Stepping ~*~*~tactically~*~*~ (water).
  6290 | Sewer    | 6290 ||| Stepping ~*~*~tactically~*~*~ (stealth).
  6360 | Sewer    | Reached skill level 12 in Axes
  6375 | Sewer    | 6375 ||| Stepping ~*~*~tactically~*~*~ (water).
  6380 | Sewer    | 6380 ||| Stepping ~*~*~tactically~*~*~ (hiding).
  6381 | Sewer    | 6381 ||| Stepping ~*~*~tactically~*~*~ (hiding).
  6382 | Sewer    | 6382 ||| Stepping ~*~*~tactically~*~*~ (hiding).
  6485 | Sewer    | Identified the +6 short sword "Death Rattle" {elec, rPois
                  | rCorr SInv}
  6604 | D:6      | 6604 ||| PLANNING D:1-11
  6677 | D:6      | 6677 ||| INVOKING Berserk.
  6922 | D:6      | Found a transporter.
  6927 | D:6      | 6927 ||| INVOKING Berserk.
  7088 | D:6      | 7088 ||| Stepping ~*~*~tactically~*~*~ (hiding).
  7093 | D:6      | 7093 ||| INVOKING Berserk.
  7097 | D:6      | Reached XP level 9. HP: 79/79 MP: 8/8
  7210 | D:6      | Found a transporter.
  7213 | D:6      | Noticed qw's ghost (amateur GrFi)
  7246 | D:6      | Found a staircase to the Ecumenical Temple.
  7259 | D:6      | 7259 ||| Stepping ~*~*~tactically~*~*~ (hiding).
  7370 | D:6      | 7370 ||| Stepping ~*~*~tactically~*~*~ (stealth).
  7376 | D:6      | 7376 ||| Stepping ~*~*~tactically~*~*~ (hiding).
  7380 | D:6      | 7380 ||| INVOKING Berserk.
  7815 | D:6      | 7815 ||| READING 2 scrolls of identify.
  7815 | D:6      | 7815 ||| IDENTIFYING orange potion
  7816 | D:6      | 7816 ||| DROPPING potion of magic.
  7867 | D:7      | 7867 ||| Stepping ~*~*~tactically~*~*~ (hiding).
  7868 | D:7      | 7868 ||| Stepping ~*~*~tactically~*~*~ (hiding).
  7871 | D:7      | 7871 ||| STAIRDANCE
  7902 | D:7      | 7902 ||| STAIRDANCE
  7907 | D:7      | 7907 ||| STAIRDANCE
  7922 | D:7      | 7922 ||| STAIRDANCE
  7927 | D:7      | 7927 ||| STAIRDANCE
  7953 | D:7      | 7953 ||| Stepping ~*~*~tactically~*~*~ (hiding).
  7960 | D:7      | 7960 ||| Stepping ~*~*~tactically~*~*~ (stealth).
  8004 | D:7      | Found a hide-covered altar of Uskayaw.
  8007 | D:7      | 8007 ||| Stepping ~*~*~tactically~*~*~ (hiding).
  8228 | D:7      | 8228 ||| Stepping ~*~*~tactically~*~*~ (hiding).
  8243 | D:7      | 8243 ||| Stepping ~*~*~tactically~*~*~ (stealth).
  8509 | D:7      | 8509 ||| UPGRADING to +0 plate armour.
  8519 | D:7      | 8519 ||| DROPPING +0 chain mail.
  8520 | D:7      | 8520 ||| DRINKING 2 coppery potions.
  8521 | D:7      | 8521 ||| READING 2 scrolls of identify.
  8521 | D:7      | 8521 ||| IDENTIFYING golden potion
  8522 | D:7      | 8522 ||| DROPPING potion of degeneration.
  8602 | D:8      | Reached skill level 6 in Armour
  8639 | D:8      | 8639 ||| Stepping ~*~*~tactically~*~*~ (stealth).
  8644 | D:8      | 8644 ||| INVOKING Berserk.
  8693 | D:8      | 8693 ||| FLEEEEING.
  8726 | D:8      | 8726 ||| Stepping ~*~*~tactically~*~*~ (hiding).
  8727 | D:8      | 8727 ||| Stepping ~*~*~tactically~*~*~ (hiding).
  8741 | D:8      | 8741 ||| Stepping ~*~*~tactically~*~*~ (hiding).
  8779 | D:8      | 8779 ||| INVOKING Berserk.
  8840 | D:8      | Reached XP level 10. HP: 80/88 MP: 9/9
  9016 | D:8      | 9016 ||| Stepping ~*~*~tactically~*~*~ (hiding).
  9020 | D:8      | 9020 ||| INVOKING Berserk.
  9168 | D:8      | 9168 ||| Stepping ~*~*~tactically~*~*~ (stealth).
  9310 | D:8      | Found an ancient bone altar of Kikubaaqudgha.
  9311 | D:8      | 9311 ||| SWAPPING to +0 war axe.
  9312 | D:8      | 9312 ||| DROPPING +10 hand axe of Xom's Felicitations
                  | {chaos, rN+ Dex+4}.
  9329 | D:8      | Found a broken altar of Ashenzari.
  9456 | D:8      | Noticed a two-headed ogre
  9456 | D:8      | Noticed a two-headed ogre
  9460 | D:8      | 9460 ||| INVOKING Berserk.
  9466 | D:8      | Killed a two-headed ogre
  9470 | D:8      | Killed a two-headed ogre
  9471 | D:8      | Reached skill level 15 in Axes
  9476 | D:8      | Reached skill level 9 in Fighting
  9553 | D:8      | Found the +12 pair of quick blades "Gyre" and "Gimble"
                  | {protect}
  9761 | D:8      | 9761 ||| READING scroll labelled MOTUSIOS NOYD.
  9783 | D:9      | 9783 ||| STAIRDANCE
 10062 | D:9      | 10062 ||| INVOKING Berserk.
 10229 | D:9      | 10229 ||| READING scroll of enchant armour.
 10229 | D:9      | 10229 ||| ENCHANTING +0 pair of gloves.
 10288 | D:9      | Found a staircase to the Orcish Mines.
 10365 | D:9      | Noticed Prince Ribbit
 10375 | D:9      | Killed Prince Ribbit
 10465 | D:9      | 10465 ||| Stepping ~*~*~tactically~*~*~ (hiding).
 10467 | D:9      | 10467 ||| Stepping ~*~*~tactically~*~*~ (hiding).
 10469 | D:9      | Noticed Harold
 10472 | D:9      | 10472 ||| Stepping ~*~*~tactically~*~*~ (hiding).
 10475 | D:9      | 10475 ||| INVOKING Berserk.
 10482 | D:9      | Killed Harold
 10482 | D:9      | Reached ***** piety under Trog
 10630 | D:9      | 10630 ||| DROPPING amulet of faith.
 10631 | D:9      | 10631 ||| READING scroll labelled WUOTSE QOCI.
 10678 | D:10     | Entered Level 10 of the Dungeon
 10751 | D:10     | 10751 ||| Stepping ~*~*~tactically~*~*~ (stealth).
 10761 | D:10     | 10761 ||| Stepping ~*~*~tactically~*~*~ (stealth).
 10846 | D:10     | 10846 ||| Stepping ~*~*~tactically~*~*~ (stealth).
 10848 | D:10     | 10848 ||| Stepping ~*~*~tactically~*~*~ (hiding).
 10885 | D:10     | Reached XP level 11. HP: 97/97 MP: 10/10
 10943 | D:10     | Received a gift from Trog
 10973 | D:10     | 10973 ||| Stepping ~*~*~tactically~*~*~ (hiding).
 10988 | D:10     | 10988 ||| Stepping ~*~*~tactically~*~*~ (hiding).
 11002 | D:10     | 11002 ||| READING scroll of enchant weapon.
 11002 | D:10     | 11002 ||| ENCHANTING +0 war axe.
 11027 | D:10     | Found a shadowy altar of Dithmenos.
 11147 | D:10     | 11147 ||| Stepping ~*~*~tactically~*~*~ (stealth).
 11155 | D:10     | 11155 ||| FLEEEEING.
 11156 | D:10     | 11156 ||| FLEEEEING.
 11157 | D:10     | 11157 ||| FLEEEEING.
 11158 | D:10     | 11158 ||| FLEEEEING.
 11159 | D:10     | 11159 ||| FLEEEEING.
 11166 | D:10     | 11166 ||| FLEEEEING.
 11167 | D:10     | 11167 ||| FLEEEEING.
 11171 | D:10     | 11171 ||| FLEEEEING.
 11172 | D:10     | 11172 ||| FLEEEEING.
 11173 | D:10     | 11173 ||| FLEEEEING.
 11174 | D:10     | 11174 ||| FLEEEEING.
 11179 | D:10     | 11179 ||| FLEEEEING.
 11180 | D:10     | 11180 ||| FLEEEEING.
 11186 | D:10     | 11186 ||| STAIRDANCE
 11279 | D:10     | 11279 ||| STAIRDANCE
 11287 | D:10     | 11287 ||| STAIRDANCE
 11435 | D:10     | Noticed a two-headed ogre
 11436 | D:10     | 11436 ||| Stepping ~*~*~tactically~*~*~ (stealth).
 11437 | D:10     | Noticed a two-headed ogre
 11438 | D:10     | 11438 ||| Stepping ~*~*~tactically~*~*~ (stealth).
 11439 | D:10     | 11439 ||| Stepping ~*~*~tactically~*~*~ (stealth).
 11442 | D:10     | 11442 ||| Stepping ~*~*~tactically~*~*~ (stealth).
 11444 | D:10     | 11444 ||| INVOKING Berserk.
 11446 | D:10     | Killed a two-headed ogre
 11451 | D:10     | 11451 ||| INVOKING Brothers in Arms.
 11452 | D:10     | 11452 ||| INVOKING Brothers in Arms.
 11456 | D:10     | Killed a two-headed ogre
 11590 | D:10     | 11590 ||| Stepping ~*~*~tactically~*~*~ (stealth).
 11591 | D:10     | 11591 ||| Stepping ~*~*~tactically~*~*~ (stealth).
 11733 | D:11     | Noticed qw's ghost (journeyman MiBe)
 11733 | D:11     | Noticed a minotaur
 11806 | D:11     | Found a runed translucent gate.
 11807 | D:11     | Found a runed translucent gate.
 11808 | D:11     | Found a runed translucent gate.
 11811 | D:11     | Noticed a six-headed hydra
 11812 | D:11     | 11812 ||| INVOKING Brothers in Arms.
 11813 | D:11     | 11813 ||| INVOKING Brothers in Arms.
 11814 | D:11     | 11814 ||| INVOKING Brothers in Arms.
 11815 | D:11     | 11815 ||| SWAPPING to +2 flail of protection.
 11816 | D:11     | 11816 ||| INVOKING Berserk.
 11820 | D:11     | Killed a six-headed hydra
 11821 | D:11     | Reached skill level 9 in Armour
 11824 | D:11     | 11824 ||| SWAPPING to +1 war axe.
 11947 | D:11     | 11947 ||| INVOKING Berserk.
 12230 | D:11     | Found a staircase to the Lair.
 12241 | D:11     | 12241 ||| INVOKING Berserk.
 12435 | D:11     | Noticed a six-headed hydra
 12436 | D:11     | 12436 ||| INVOKING Brothers in Arms.
 12437 | D:11     | 12437 ||| SWAPPING to +2 flail of protection.
 12439 | D:11     | 12439 ||| INVOKING Berserk.
 12442 | D:11     | Killed a six-headed hydra
 12457 | D:11     | 12457 ||| SWAPPING to +1 war axe.
 12946 | D:11     | 12946 ||| PLANNING LAIR
 12981 | Lair:1   | Entered Level 1 of the Lair of Beasts
 12990 | Lair:1   | Noticed a five-headed hydra
 12994 | Lair:1   | 12994 ||| SWAPPING to +2 flail of protection.
 12995 | Lair:1   | 12995 ||| INVOKING Berserk.
 13001 | Lair:1   | Killed a five-headed hydra
 13041 | Lair:1   | 13041 ||| SWAPPING to +1 war axe.
 13078 | Lair:1   | 13078 ||| INVOKING Berserk.
 13160 | Lair:1   | 13160 ||| Stepping ~*~*~tactically~*~*~ (stealth).
 13177 | Lair:1   | 13177 ||| DROPPING +1 vorpal hand axe.
 13276 | Lair:1   | 13276 ||| INVOKING Berserk.
 13398 | Lair:1   | 13398 ||| Stepping ~*~*~tactically~*~*~ (stealth).
 13416 | Lair:1   | Reached skill level 12 in Fighting
 13513 | Lair:1   | 13513 ||| READING scroll of enchant weapon.
 13513 | Lair:1   | 13513 ||| ENCHANTING +1 war axe.
 13645 | Lair:1   | Reached skill level 6 in Dodging
 13847 | Lair:1   | 13847 ||| INVOKING Berserk.
 14139 | Lair:1   | 14139 ||| READING 7 scrolls of identify.
 14139 | Lair:1   | 14139 ||| IDENTIFYING fuming inky potion
 14140 | Lair:1   | 14140 ||| DROPPING potion of brilliance.
 14162 | Lair:2   | 14162 ||| INVOKING Berserk.
 14171 | Lair:2   | 14171 ||| STAIRDANCE
 14301 | Lair:2   | 14301 ||| INVOKING Berserk.
 14304 | Lair:2   | Reached XP level 12. HP: 112/112 MP: 11/11
 14515 | Lair:2   | Found a transporter.
 14528 | Lair:2   | Noticed qw's ghost (journeyman TrCA)
 14590 | Lair:2   | 14590 ||| FLEEEEING.
 14591 | Lair:2   | 14591 ||| FLEEEEING.
 14592 | Lair:2   | 14592 ||| FLEEEEING.
 14593 | Lair:2   | 14593 ||| FLEEEEING.
 14594 | Lair:2   | 14594 ||| FLEEEEING.
 14595 | Lair:2   | 14595 ||| FLEEEEING.
 14596 | Lair:2   | 14596 ||| FLEEEEING.
 14597 | Lair:2   | 14597 ||| FLEEEEING.
 14598 | Lair:2   | 14598 ||| FLEEEEING.
 14599 | Lair:2   | 14599 ||| FLEEEEING.
 14600 | Lair:2   | 14600 ||| FLEEEEING.
 14601 | Lair:2   | 14601 ||| FLEEEEING.
 14603 | Lair:2   | 14603 ||| FLEEEEING.
 14604 | Lair:2   | 14604 ||| FLEEEEING.
 14605 | Lair:2   | 14605 ||| FLEEEEING.
 14606 | Lair:2   | 14606 ||| FLEEEEING.
 14607 | Lair:2   | 14607 ||| FLEEEEING.
 14608 | Lair:2   | 14608 ||| FLEEEEING.
 14609 | Lair:2   | 14609 ||| FLEEEEING.
 14610 | Lair:2   | 14610 ||| FLEEEEING.
 14611 | Lair:2   | 14611 ||| FLEEEEING.
 14612 | Lair:2   | 14612 ||| FLEEEEING.
 14613 | Lair:2   | 14613 ||| FLEEEEING.
 14614 | Lair:2   | 14614 ||| FLEEEEING.
 14615 | Lair:2   | 14615 ||| FLEEEEING.
 14616 | Lair:2   | 14616 ||| FLEEEEING.
 14617 | Lair:2   | 14617 ||| FLEEEEING.
 14618 | Lair:2   | 14618 ||| FLEEEEING.
 14619 | Lair:2   | 14619 ||| FLEEEEING.
 14620 | Lair:2   | 14620 ||| FLEEEEING.
 14621 | Lair:2   | 14621 ||| FLEEEEING.
 14622 | Lair:2   | 14622 ||| FLEEEEING.
 14623 | Lair:2   | 14623 ||| FLEEEEING.
 14624 | Lair:2   | 14624 ||| FLEEEEING.
 14625 | Lair:2   | 14625 ||| STAIRDANCE
 14627 | Lair:1   | 14627 ||| READING 2 scrolls labelled XAYNNY COKLA.
 14728 | Lair:1   | 14728 ||| READING scroll labelled CEORHIUVOD.
 14729 | Lair:1   | 14729 ||| READING 6 scrolls of identify.
 14729 | Lair:1   | 14729 ||| IDENTIFYING fuming clear potion
 14730 | Lair:1   | 14730 ||| DROPPING potion of berserk rage.
 14731 | Lair:1   | 14731 ||| DROPPING scroll of silence.
 14734 | Lair:2   | 14734 ||| INVOKING Berserk.
 14739 | Lair:2   | 14739 ||| STAIRDANCE
 14889 | Lair:2   | Noticed a four-headed hydra
 14904 | Lair:2   | 14904 ||| INVOKING Berserk.
 15092 | Lair:2   | Found a transporter.
 15154 | Lair:2   | 15154 ||| INVOKING Berserk.
 15280 | Lair:2   | Reached skill level 12 in Armour
 15404 | Lair:2   | Noticed a five-headed hydra
 15408 | Lair:2   | 15408 ||| SWAPPING to +2 flail of protection.
 15410 | Lair:2   | 15410 ||| INVOKING Berserk.
 15415 | Lair:2   | Killed a five-headed hydra
 15434 | Lair:2   | 15434 ||| SWAPPING to +2 war axe.
 15625 | Lair:2   | 15625 ||| DROPPING ring of ice.
 15626 | Lair:2   | 15626 ||| DROPPING ring of willpower.
 15661 | Lair:3   | 15661 ||| INVOKING Berserk.
 15898 | Lair:3   | Found a staircase to the Shoals.
 15899 | Lair:3   | 15899 ||| Stepping ~*~*~tactically~*~*~ (hiding).
 15915 | Lair:3   | 15915 ||| INVOKING Berserk.
 16039 | Lair:3   | 16039 ||| Stepping ~*~*~tactically~*~*~ (stealth).
 16101 | Lair:3   | 16101 ||| Stepping ~*~*~tactically~*~*~ (stealth).
 16112 | Lair:3   | 16112 ||| INVOKING Berserk.
 16337 | Lair:3   | 16337 ||| INVOKING Berserk.
 16340 | Lair:3   | Reached skill level 1 in Throwing
 16448 | Lair:3   | 16448 ||| INVOKING Berserk.
 16634 | Lair:3   | Found a hole to the Spider Nest.
 16657 | Lair:3   | 16657 ||| READING 11 scrolls of teleportation.
 16722 | Lair:3   | Reached skill level 3 in Throwing
 17050 | Lair:3   | 17050 ||| UPGRADING to ring of poison resistance.
 17052 | Lair:3   | 17052 ||| READING 5 scrolls of identify.
 17052 | Lair:3   | 17052 ||| IDENTIFYING glowing green potion
 17053 | Lair:3   | 17053 ||| DROPPING potion of attraction.
 17089 | Lair:4   | Reached XP level 13. HP: 124/124 MP: 12/12
 17115 | Lair:4   | 17115 ||| FLEEEEING.
 17116 | Lair:4   | 17116 ||| FLEEEEING.
 17117 | Lair:4   | 17117 ||| FLEEEEING.
 17118 | Lair:4   | 17118 ||| FLEEEEING.
 17119 | Lair:4   | 17119 ||| STAIRDANCE
 17219 | Lair:4   | 17219 ||| Stepping ~*~*~tactically~*~*~ (stealth).
 17220 | Lair:4   | 17220 ||| Stepping ~*~*~tactically~*~*~ (stealth).
 17230 | Lair:4   | 17230 ||| READING scroll of enchant armour.
 17230 | Lair:4   | 17230 ||| ENCHANTING +1 pair of gloves.
 17291 | Lair:4   | 17291 ||| FLEEEEING.
 17292 | Lair:4   | 17292 ||| FLEEEEING.
 17293 | Lair:4   | 17293 ||| FLEEEEING.
 17294 | Lair:4   | 17294 ||| FLEEEEING.
 17295 | Lair:4   | 17295 ||| FLEEEEING.
 17296 | Lair:4   | 17296 ||| FLEEEEING.
 17297 | Lair:4   | 17297 ||| FLEEEEING.
 17298 | Lair:4   | 17298 ||| FLEEEEING.
 17299 | Lair:4   | 17299 ||| FLEEEEING.
 17300 | Lair:4   | 17300 ||| FLEEEEING.
 17301 | Lair:4   | 17301 ||| FLEEEEING.
 17302 | Lair:4   | 17302 ||| FLEEEEING.
 17303 | Lair:4   | 17303 ||| FLEEEEING.
 17304 | Lair:4   | 17304 ||| FLEEEEING.
 17305 | Lair:4   | 17305 ||| FLEEEEING.
 17306 | Lair:4   | 17306 ||| FLEEEEING.
 17307 | Lair:4   | 17307 ||| FLEEEEING.
 17308 | Lair:4   | 17308 ||| FLEEEEING.
 17309 | Lair:4   | 17309 ||| FLEEEEING.
 17310 | Lair:4   | 17310 ||| FLEEEEING.
 17311 | Lair:4   | 17311 ||| FLEEEEING.
 17312 | Lair:4   | 17312 ||| FLEEEEING.
 17313 | Lair:4   | 17313 ||| FLEEEEING.
 17314 | Lair:4   | 17314 ||| FLEEEEING.
 17315 | Lair:4   | 17315 ||| STAIRDANCE
 17444 | Lair:4   | 17444 ||| INVOKING Berserk.
 17453 | Lair:4   | 17453 ||| STAIRDANCE
 17564 | Lair:4   | 17564 ||| INVOKING Berserk.
 17607 | Lair:4   | 17607 ||| Stepping ~*~*~tactically~*~*~ (stealth).
 17625 | Lair:4   | 17625 ||| Stepping ~*~*~tactically~*~*~ (stealth).
 17627 | Lair:4   | 17627 ||| Stepping ~*~*~tactically~*~*~ (stealth).
 17628 | Lair:4   | 17628 ||| INVOKING Berserk.
 17631 | Lair:4   | Reached skill level 15 in Fighting
 17840 | Lair:4   | 17840 ||| INVOKING Berserk.
 17982 | Lair:4   | 17982 ||| INVOKING Berserk.
 18214 | Lair:4   | 18214 ||| INVOKING Berserk.
 18407 | Lair:5   | Entered Level 5 of the Lair of Beasts
 18409 | Lair:5   | 18409 ||| INVOKING Berserk.
 18449 | Lair:5   | HP: 23/128 [yak (12)]
 18450 | Lair:5   | 18450 ||| READING 11 scrolls of teleportation.
 18451 | Lair:5   | 18451 ||| DRINKING 3 potions of heal wounds.
 18453 | Lair:5   | Found a one-way gate to the infinite horrors of the Abyss.
 18453 | Lair:5   | Found a corrupted altar of Lugonu.
 18454 | Lair:5   | HP: 24/128 [thrashing horror (10)]
 18455 | Lair:5   | 18455 ||| READING 10 scrolls of teleportation.
 18456 | Lair:5   | 18456 ||| DRINKING 2 potions of heal wounds.
 18457 | Lair:5   | 18457 ||| DRINKING potion of heal wounds.
 18768 | Lair:5   | 18768 ||| INVOKING Berserk.
 18907 | Lair:5   | 18907 ||| Stepping ~*~*~tactically~*~*~ (stealth).
 18909 | Lair:5   | 18909 ||| Stepping ~*~*~tactically~*~*~ (stealth).
 18912 | Lair:5   | 18912 ||| INVOKING Brothers in Arms.
 18913 | Lair:5   | 18913 ||| INVOKING Brothers in Arms.
 18915 | Lair:5   | 18915 ||| SWAPPING to +2 flail of protection.
 18916 | Lair:5   | 18916 ||| INVOKING Berserk.
 18927 | Lair:5   | Reached skill level 9 in Dodging
 18980 | Lair:5   | 18980 ||| SWAPPING to +2 war axe.
 19034 | Lair:5   | Noticed Urug
 19035 | Lair:5   | 19035 ||| Stepping ~*~*~tactically~*~*~ (hiding).
 19036 | Lair:5   | 19036 ||| Stepping ~*~*~tactically~*~*~ (hiding).
 19038 | Lair:5   | 19038 ||| INVOKING Berserk.
 19046 | Lair:5   | Killed Urug
 19197 | Lair:5   | 19197 ||| Stepping ~*~*~tactically~*~*~ (stealth).
 19199 | Lair:5   | 19199 ||| Stepping ~*~*~tactically~*~*~ (stealth).
 19210 | Lair:5   | 19210 ||| INVOKING Berserk.
 19225 | Lair:5   | 19225 ||| Stepping ~*~*~tactically~*~*~ (stealth).
 19312 | Lair:5   | Found a staircase to the Slime Pits.
 19313 | Lair:5   | Found a viscous altar of Jiyva.
 19364 | Lair:5   | 19364 ||| INVOKING Berserk.
 19559 | Lair:5   | 19559 ||| Stepping ~*~*~tactically~*~*~ (stealth).
 19561 | Lair:5   | 19561 ||| Stepping ~*~*~tactically~*~*~ (stealth).
 19563 | Lair:5   | 19563 ||| Stepping ~*~*~tactically~*~*~ (stealth).
 19565 | Lair:5   | 19565 ||| INVOKING Berserk.
 19740 | Lair:5   | 19740 ||| Stepping ~*~*~tactically~*~*~ (stealth).
 19944 | Lair:5   | 19944 ||| Stepping ~*~*~tactically~*~*~ (stealth).
 19945 | Lair:5   | 19945 ||| Stepping ~*~*~tactically~*~*~ (stealth).
 19949 | Lair:5   | 19949 ||| Stepping ~*~*~tactically~*~*~ (stealth).
 20000 | Lair:5   | 20000 ||| INVOKING Berserk.
 20002 | Lair:5   | Reached skill level 6 in Throwing
 20217 | Lair:5   | 20217 ||| INVOKING Berserk.
 20295 | Lair:5   | Reached XP level 14. HP: 129/137 MP: 13/13
 20345 | Lair:5   | 20345 ||| Stepping ~*~*~tactically~*~*~ (stealth).
 20346 | Lair:5   | 20346 ||| Stepping ~*~*~tactically~*~*~ (stealth).
 20418 | Lair:5   | 20418 ||| Stepping ~*~*~tactically~*~*~ (stealth).
 20420 | Lair:5   | 20420 ||| Stepping ~*~*~tactically~*~*~ (stealth).
 20506 | Lair:5   | 20506 ||| FLEEEEING.
 20507 | Lair:5   | 20507 ||| FLEEEEING.
 20676 | Lair:5   | 20676 ||| Stepping ~*~*~tactically~*~*~ (stealth).
 20678 | Lair:5   | 20678 ||| Stepping ~*~*~tactically~*~*~ (hiding).
 20798 | Lair:5   | 20798 ||| Stepping ~*~*~tactically~*~*~ (stealth).
 20802 | Lair:5   | 20802 ||| INVOKING Berserk.
 20825 | Lair:5   | 20825 ||| READING 9 scrolls of teleportation.
 21167 | Lair:5   | 21167 ||| FLEEEEING.
 21168 | Lair:5   | 21168 ||| FLEEEEING.
 21169 | Lair:5   | 21169 ||| FLEEEEING.
 21170 | Lair:5   | 21170 ||| FLEEEEING.
 21171 | Lair:5   | 21171 ||| FLEEEEING.
 21172 | Lair:5   | 21172 ||| FLEEEEING.
 21173 | Lair:5   | 21173 ||| FLEEEEING.
 21174 | Lair:5   | 21174 ||| FLEEEEING.
 21175 | Lair:5   | 21175 ||| STAIRDANCE
 21277 | Lair:4   | 21277 ||| DROPPING +6 ring of intelligence.
 21278 | Lair:4   | 21278 ||| DROPPING ring of magical power.
 21285 | Lair:5   | 21285 ||| Stepping ~*~*~tactically~*~*~ (hiding).
 21293 | Lair:5   | Reached skill level 15 in Armour
 21584 | Lair:5   | 21584 ||| Stepping ~*~*~tactically~*~*~ (stealth).
 21762 | Lair:5   | 21762 ||| PLANNING D
 21893 | D:12     | Noticed Josephine
 21912 | D:12     | Killed Josephine
 22093 | D:12     | 22093 ||| Stepping ~*~*~tactically~*~*~ (stealth).
 22095 | D:12     | 22095 ||| Stepping ~*~*~tactically~*~*~ (stealth).
 22105 | D:12     | 22105 ||| INVOKING Berserk.
 22279 | D:12     | Noticed Maurice
 22280 | D:12     | 22280 ||| Stepping ~*~*~tactically~*~*~ (hiding).
 22293 | D:12     | Killed Maurice
 22294 | D:12     | 22294 ||| Stepping ~*~*~tactically~*~*~ (stealth).
 22411 | D:12     | 22411 ||| INVOKING Berserk.
 22470 | D:12     | 22470 ||| Stepping ~*~*~tactically~*~*~ (stealth).
 22471 | D:12     | 22471 ||| Stepping ~*~*~tactically~*~*~ (stealth).
 22524 | D:12     | 22524 ||| INVOKING Brothers in Arms.
 22525 | D:12     | 22525 ||| INVOKING Brothers in Arms.
 22529 | D:12     | 22529 ||| SWAPPING to +2 flail of protection.
 22530 | D:12     | 22530 ||| INVOKING Berserk.
 22568 | D:12     | 22568 ||| SWAPPING to +2 war axe.
 22939 | D:12     | 22939 ||| INVOKING Berserk.
 22952 | D:12     | 22952 ||| INVOKING Brothers in Arms.
 22953 | D:12     | 22953 ||| INVOKING Brothers in Arms.
 22954 | D:12     | 22954 ||| INVOKING Brothers in Arms.
 22954 | D:12     | HP: 35/141 [six-headed hydra (8)]
 22955 | D:12     | 22955 ||| READING 8 scrolls of teleportation.
 22956 | D:12     | 22956 ||| SWAPPING to +2 flail of protection.
 22958 | D:12     | 22958 ||| SWAPPING to +2 war axe.
 23360 | D:12     | 23360 ||| READING scroll of enchant weapon.
 23360 | D:12     | 23360 ||| ENCHANTING +2 war axe.
 23601 | D:12     | Reached skill level 18 in Fighting
 23649 | D:12     | 23649 ||| INVOKING Berserk.
 23948 | D:12     | 23948 ||| Stepping ~*~*~tactically~*~*~ (stealth).
 23953 | D:12     | 23953 ||| INVOKING Berserk.
 24265 | D:13     | 24265 ||| READING 2 scrolls of enchant armour.
 24265 | D:13     | 24265 ||| ENCHANTING +0 plate armour.
 24266 | D:13     | 24266 ||| READING scroll of enchant armour.
 24266 | D:13     | 24266 ||| ENCHANTING +1 plate armour.
 24322 | D:13     | 24322 ||| Stepping ~*~*~tactically~*~*~ (stealth).
 24446 | D:13     | 24446 ||| INVOKING Brothers in Arms.
 24447 | D:13     | 24447 ||| INVOKING Brothers in Arms.
 24448 | D:13     | 24448 ||| INVOKING Brothers in Arms.
 24449 | D:13     | 24449 ||| INVOKING Brothers in Arms.
 24450 | D:13     | 24450 ||| INVOKING Brothers in Arms.
 24451 | D:13     | 24451 ||| INVOKING Brothers in Arms.
 24452 | D:13     | 24452 ||| SWAPPING to +2 flail of protection.
 24453 | D:13     | 24453 ||| INVOKING Berserk.
 24491 | D:13     | 24491 ||| SWAPPING to +3 war axe.
 24597 | D:13     | 24597 ||| Stepping ~*~*~tactically~*~*~ (hiding).
 24803 | D:13     | Found an opulent altar of Gozag.
 25042 | D:13     | 25042 ||| Stepping ~*~*~tactically~*~*~ (stealth).
 25043 | D:13     | 25043 ||| SWAPPING to +0 broad axe.
 25045 | D:13     | 25045 ||| DROPPING +3 war axe.
 25423 | D:13     | 25423 ||| UPGRADING to +0 buckler.
 25428 | D:13     | 25428 ||| UPGRADING to +0 kite shield.
 25438 | D:13     | 25438 ||| DROPPING +0 buckler.
 25454 | D:13     | 25454 ||| Stepping ~*~*~tactically~*~*~ (hiding).
 25455 | D:13     | 25455 ||| Stepping ~*~*~tactically~*~*~ (hiding).
 25463 | D:13     | Reached skill level 1 in Shields
 25593 | D:14     | 25593 ||| Stepping ~*~*~tactically~*~*~ (hiding).
 25596 | D:14     | 25596 ||| INVOKING Berserk.
 25772 | D:14     | 25772 ||| READING scroll of enchant armour.
 25772 | D:14     | 25772 ||| ENCHANTING +2 plate armour.
 25816 | D:14     | 25816 ||| INVOKING Brothers in Arms.
 25818 | D:14     | 25818 ||| SWAPPING to +2 flail of protection.
 25819 | D:14     | 25819 ||| INVOKING Berserk.
 25822 | D:14     | Reached skill level 3 in Shields
 25825 | D:14     | 25825 ||| SWAPPING to +0 broad axe.
 25938 | D:14     | 25938 ||| Stepping ~*~*~tactically~*~*~ (hiding).
 25962 | D:14     | 25962 ||| Stepping ~*~*~tactically~*~*~ (stealth).
 25963 | D:14     | 25963 ||| Stepping ~*~*~tactically~*~*~ (stealth).
 25965 | D:14     | 25965 ||| INVOKING Berserk.
 25972 | D:14     | Reached XP level 15. HP: 149/149 MP: 14/14
 26392 | D:14     | 26392 ||| Stepping ~*~*~tactically~*~*~ (hiding).
 26507 | D:14     | 26507 ||| SWAPPING to +2 flail of protection.
 26509 | D:14     | 26509 ||| INVOKING Berserk.
 26512 | D:14     | Reached skill level 6 in Shields
 26525 | D:14     | 26525 ||| SWAPPING to +0 broad axe.
 26640 | D:14     | Found Moegae's Magic Scroll Shoppe.
 26651 | D:14     | 26651 ||| BUYING scroll of brand weapon (123 gold).
 26651 | D:14     | Bought a scroll of brand weapon for 123 gold pieces
 26651 | D:14     | 26651 ||| BUYING scroll of brand weapon (123 gold).
 26651 | D:14     | Bought a scroll of brand weapon for 123 gold pieces
 26651 | D:14     | 26651 ||| BUYING scroll of teleportation (39 gold).
 26651 | D:14     | Bought a scroll of teleportation for 39 gold pieces
 26651 | D:14     | 26651 ||| BUYING scroll of teleportation (39 gold).
 26651 | D:14     | Bought a scroll of teleportation for 39 gold pieces
 26651 | D:14     | 26651 ||| READING 2 scrolls of brand weapon.
 26651 | D:14     | 26651 ||| BRANDING +0 broad axe.
 26652 | D:14     | 26652 ||| READING scroll of brand weapon.
 26652 | D:14     | 26652 ||| BRANDING +0 broad axe of draining.
 26653 | D:14     | 26653 ||| DROPPING +2 flail of protection.
 26750 | D:14     | 26750 ||| Stepping ~*~*~tactically~*~*~ (hiding).
 26916 | D:14     | 26916 ||| Stepping ~*~*~tactically~*~*~ (hiding).
 27097 | D:14     | Found a gate to the Vaults.
 27099 | D:14     | 27099 ||| INVOKING Berserk.
 27372 | D:14     | 27372 ||| DROPPING scroll of immolation.
 27386 | D:15     | Entered Level 15 of the Dungeon
 27454 | D:15     | 27454 ||| Stepping ~*~*~tactically~*~*~ (hiding).
 27460 | D:15     | 27460 ||| INVOKING Berserk.
 27543 | D:15     | 27543 ||| Stepping ~*~*~tactically~*~*~ (stealth).
 27545 | D:15     | 27545 ||| Stepping ~*~*~tactically~*~*~ (stealth).
 27546 | D:15     | 27546 ||| Stepping ~*~*~tactically~*~*~ (stealth).
 27555 | D:15     | Reached skill level 9 in Shields
 27565 | D:15     | 27565 ||| READING 11 scrolls of teleportation.
 27812 | D:15     | 27812 ||| INVOKING Trog's Hand.
 27848 | D:15     | 27848 ||| INVOKING Berserk.
 28125 | D:15     | Found a runed translucent door.
 28127 | D:15     | Noticed a sphinx
 28128 | D:15     | Noticed a lich
 28129 | D:15     | Found a runed translucent door.
 28131 | D:15     | Noticed Xiestris's ghost (journeyman DsGl)
 28138 | D:15     | 28138 ||| Stepping ~*~*~tactically~*~*~ (hiding).
 28140 | D:15     | 28140 ||| Stepping ~*~*~tactically~*~*~ (hiding).
 28141 | D:15     | 28141 ||| INVOKING Berserk.
 28506 | D:15     | 28506 ||| INVOKING Berserk.
 28691 | D:15     | 28691 ||| Stepping ~*~*~tactically~*~*~ (hiding).
 28703 | D:15     | 28703 ||| INVOKING Berserk.
 28712 | D:15     | Gained mutation: Your spells are a little easier to cast,
                  | but a little less powerful. [a neqoxec]
 28962 | D:15     | 28962 ||| Stepping ~*~*~tactically~*~*~ (hiding).
 28966 | D:15     | 28966 ||| INVOKING Berserk.
 29074 | D:15     | Found a staircase to the Depths.
 29151 | D:15     | 29151 ||| PLANNING ORC
 29307 | Orc:1    | Entered Level 1 of the Orcish Mines
 29307 | Orc:1    | Noticed Nergalle
 29314 | Orc:1    | Killed Nergalle
 29366 | Orc:1    | 29366 ||| Stepping ~*~*~tactically~*~*~ (hiding).
 29367 | Orc:1    | 29367 ||| Stepping ~*~*~tactically~*~*~ (hiding).
 29373 | Orc:1    | 29373 ||| Stepping ~*~*~tactically~*~*~ (stealth).
 29387 | Orc:1    | 29387 ||| Stepping ~*~*~tactically~*~*~ (hiding).
 29728 | Orc:2    | Entered Level 2 of the Orcish Mines
 29729 | Orc:2    | 29729 ||| STAIRDANCE
 29834 | Orc:2    | 29834 ||| STAIRDANCE
 29846 | Orc:2    | 29846 ||| STAIRDANCE
 29860 | Orc:2    | 29860 ||| STAIRDANCE
 29872 | Orc:2    | 29872 ||| STAIRDANCE
 29892 | Orc:2    | 29892 ||| STAIRDANCE
 29894 | Orc:1    | 29894 ||| INVOKING Berserk.
 30006 | Orc:2    | 30006 ||| STAIRDANCE
 30028 | Orc:2    | 30028 ||| STAIRDANCE
 30045 | Orc:2    | 30045 ||| STAIRDANCE
 30085 | Orc:2    | 30085 ||| STAIRDANCE
 30131 | Orc:2    | 30131 ||| STAIRDANCE
 30152 | Orc:2    | 30152 ||| FLEEEEING.
 30153 | Orc:2    | 30153 ||| FLEEEEING.
 30154 | Orc:2    | 30154 ||| STAIRDANCE
 30287 | Orc:2    | 30287 ||| Stepping ~*~*~tactically~*~*~ (hiding).
 30288 | Orc:2    | 30288 ||| Stepping ~*~*~tactically~*~*~ (hiding).
 30289 | Orc:2    | 30289 ||| Stepping ~*~*~tactically~*~*~ (hiding).
 30294 | Orc:2    | Received a gift from Trog
 30305 | Orc:2    | 30305 ||| INVOKING Trog's Hand.
 30308 | Orc:2    | 30308 ||| INVOKING Berserk.
 30435 | Orc:2    | Found Jatauc's Self-Improvement Boutique.
 30516 | Orc:2    | Found a staircase to the Elven Halls.
 30577 | Orc:2    | 30577 ||| Stepping ~*~*~tactically~*~*~ (hiding).
 30586 | Orc:2    | 30586 ||| Stepping ~*~*~tactically~*~*~ (stealth).
 30591 | Orc:2    | 30591 ||| Stepping ~*~*~tactically~*~*~ (stealth).
 30593 | Orc:2    | 30593 ||| Stepping ~*~*~tactically~*~*~ (hiding).
 30596 | Orc:2    | 30596 ||| Stepping ~*~*~tactically~*~*~ (hiding).
 30597 | Orc:2    | 30597 ||| Stepping ~*~*~tactically~*~*~ (hiding).
 30598 | Orc:2    | 30598 ||| Stepping ~*~*~tactically~*~*~ (hiding).
 30617 | Orc:2    | 30617 ||| Stepping ~*~*~tactically~*~*~ (stealth).
 30653 | Orc:2    | 30653 ||| INVOKING Berserk.
 30685 | Orc:2    | 30685 ||| INVOKING Trog's Hand.
 30686 | Orc:2    | 30686 ||| INVOKING Brothers in Arms.
 30690 | Orc:2    | 30690 ||| INVOKING Brothers in Arms.
 30691 | Orc:2    | HP: 24/137 [orc high priest/divine providence (16)]
 30692 | Orc:2    | 30692 ||| READING 10 scrolls of teleportation.
 30693 | Orc:2    | 30693 ||| DRINKING 2 potions of heal wounds.
 30694 | Orc:2    | 30694 ||| DRINKING potion of heal wounds.
 30954 | Orc:2    | 30954 ||| Stepping ~*~*~tactically~*~*~ (stealth).
 30956 | Orc:2    | 30956 ||| Stepping ~*~*~tactically~*~*~ (hiding).
 30959 | Orc:2    | 30959 ||| Stepping ~*~*~tactically~*~*~ (hiding).
 30961 | Orc:2    | 30961 ||| Stepping ~*~*~tactically~*~*~ (hiding).
 30969 | Orc:2    | 30969 ||| Stepping ~*~*~tactically~*~*~ (stealth).
 30972 | Orc:2    | 30972 ||| Stepping ~*~*~tactically~*~*~ (stealth).
 30980 | Orc:2    | 30980 ||| Stepping ~*~*~tactically~*~*~ (stealth).
 30981 | Orc:2    | 30981 ||| Stepping ~*~*~tactically~*~*~ (stealth).
 30983 | Orc:2    | 30983 ||| Stepping ~*~*~tactically~*~*~ (stealth).
 30992 | Orc:2    | 30992 ||| Stepping ~*~*~tactically~*~*~ (hiding).
 30994 | Orc:2    | 30994 ||| INVOKING Berserk.
 31129 | Orc:2    | Found Kuir's Weapon Emporium.
 31129 | Orc:2    | Found Toyluz's Antique Armour Shop.
 31131 | Orc:2    | Found Suutoteq's Weapon Emporium.
 31131 | Orc:2    | Found Ucuiheo's Antique Armour Shop.
 31140 | Orc:2    | 31140 ||| BUYING +3 pair of mountain boots {steadfast, rC+}
                  | (770 gold).
 31140 | Orc:2    | Bought the +3 pair of mountain boots {steadfast, rC+} for
                  | 770 gold pieces
 31140 | Orc:2    | Found the +3 pair of mountain boots {steadfast, rC+}
 31140 | Orc:2    | 31140 ||| BUYING pair of runed gloves (172 gold).
 31140 | Orc:2    | Bought a pair of runed gloves for 172 gold pieces
 31142 | Orc:2    | 31142 ||| BUYING pair of blackened boots (247 gold).
 31142 | Orc:2    | Bought a pair of blackened boots for 247 gold pieces
 31142 | Orc:2    | Identified the +1 pair of boots "Vuc Nof" {rCorr Str+2}
                  | (You bought it in a shop on level 2 of the Orcish Mines)
 31142 | Orc:2    | 31142 ||| BUYING runed hat (182 gold).
 31142 | Orc:2    | Bought a runed hat for 182 gold pieces
 31291 | Orc:2    | 31291 ||| UPGRADING to +3 pair of mountain boots
                  | {steadfast, rC+}.
 31296 | Orc:2    | 31296 ||| DROPPING +1 pair of gloves.
 31297 | Orc:2    | 31297 ||| UPGRADING to +1 hat.
 31352 | Orc:1    | 31352 ||| INVOKING Trog's Hand.
 31353 | Orc:1    | 31353 ||| INVOKING Berserk.
 31697 | Orc:1    | 31697 ||| Stepping ~*~*~tactically~*~*~ (stealth).
 31698 | Orc:1    | 31698 ||| Stepping ~*~*~tactically~*~*~ (stealth).
 31701 | Orc:1    | 31701 ||| Stepping ~*~*~tactically~*~*~ (stealth).
 31745 | Orc:1    | 31745 ||| PLANNING SPIDER:1-3
 31965 | Spider:1 | Entered Level 1 of the Spider Nest
 31988 | Spider:1 | 31988 ||| Stepping ~*~*~tactically~*~*~ (hiding).
 32020 | Spider:1 | Reached skill level 18 in Axes
 32044 | Spider:1 | 32044 ||| Stepping ~*~*~tactically~*~*~ (stealth).
 32063 | Spider:1 | 32063 ||| Stepping ~*~*~tactically~*~*~ (stealth).
 32068 | Spider:1 | 32068 ||| Stepping ~*~*~tactically~*~*~ (hiding).
 32072 | Spider:1 | 32072 ||| INVOKING Berserk.
 32086 | Spider:1 | 32086 ||| INVOKING Brothers in Arms.
 32087 | Spider:1 | 32087 ||| INVOKING Brothers in Arms.
 32088 | Spider:1 | 32088 ||| INVOKING Brothers in Arms.
 32132 | Spider:1 | 32132 ||| Stepping ~*~*~tactically~*~*~ (stealth).
 32245 | Spider:1 | Reached skill level 12 in Shields
 32367 | Spider:1 | 32367 ||| Stepping ~*~*~tactically~*~*~ (stealth).
 32387 | Spider:1 | 32387 ||| Stepping ~*~*~tactically~*~*~ (hiding).
 32408 | Spider:1 | Reached XP level 16. HP: 134/157 MP: 15/15
 33025 | Spider:1 | 33025 ||| DROPPING scarf of shadows.
 33126 | Spider:2 | 33126 ||| Stepping ~*~*~tactically~*~*~ (stealth).
 33129 | Spider:2 | 33129 ||| Stepping ~*~*~tactically~*~*~ (hiding).
 33176 | Spider:2 | 33176 ||| INVOKING Berserk.
 33288 | Spider:2 | 33288 ||| READING scroll of enchant weapon.
 33288 | Spider:2 | 33288 ||| ENCHANTING +0 broad axe of flaming.
 33324 | Spider:2 | 33324 ||| Stepping ~*~*~tactically~*~*~ (stealth).
 33339 | Spider:2 | 33339 ||| INVOKING Berserk.
 33451 | Spider:2 | 33451 ||| INVOKING Berserk.
 33464 | Spider:2 | 33464 ||| Stepping ~*~*~tactically~*~*~ (hiding).
 33470 | Spider:2 | 33470 ||| Stepping ~*~*~tactically~*~*~ (stealth).
 33571 | Spider:2 | 33571 ||| Stepping ~*~*~tactically~*~*~ (hiding).
 33590 | Spider:2 | 33590 ||| DRINKING 8 potions of curing.
 33590 | Spider:2 | 33590 ||| (to cure confusion)
 33592 | Spider:2 | 33592 ||| DRINKING 7 potions of curing.
 33592 | Spider:2 | 33592 ||| (to cure confusion)
 33605 | Spider:2 | 33605 ||| Stepping ~*~*~tactically~*~*~ (stealth).
 33606 | Spider:2 | 33606 ||| Stepping ~*~*~tactically~*~*~ (stealth).
 33622 | Spider:2 | 33622 ||| Stepping ~*~*~tactically~*~*~ (stealth).
 33724 | Spider:2 | 33724 ||| Stepping ~*~*~tactically~*~*~ (stealth).
 33726 | Spider:2 | 33726 ||| Stepping ~*~*~tactically~*~*~ (stealth).
 33727 | Spider:2 | 33727 ||| Stepping ~*~*~tactically~*~*~ (hiding).
 33731 | Spider:2 | 33731 ||| INVOKING Brothers in Arms.
 33736 | Spider:2 | 33736 ||| INVOKING Brothers in Arms.
 33871 | Spider:2 | 33871 ||| Stepping ~*~*~tactically~*~*~ (stealth).
 33876 | Spider:2 | 33876 ||| STAIRDANCE
 33896 | Spider:1 | 33896 ||| DROPPING amulet of guardian spirit.
 33902 | Spider:2 | 33902 ||| STAIRDANCE
 33929 | Spider:2 | 33929 ||| INVOKING Berserk.
 33939 | Spider:2 | 33939 ||| STAIRDANCE
 34118 | Spider:2 | 34118 ||| Stepping ~*~*~tactically~*~*~ (stealth).
 34305 | Spider:3 | Reached skill level 15 in Shields
 34307 | Spider:3 | 34307 ||| STAIRDANCE
 34311 | Spider:3 | 34311 ||| STAIRDANCE
 34315 | Spider:3 | 34315 ||| STAIRDANCE
 34527 | Spider:3 | 34527 ||| INVOKING Berserk.
 34649 | Spider:3 | 34649 ||| Stepping ~*~*~tactically~*~*~ (hiding).
 34656 | Spider:3 | 34656 ||| INVOKING Brothers in Arms.
 34657 | Spider:3 | 34657 ||| INVOKING Brothers in Arms.
 34658 | Spider:3 | 34658 ||| INVOKING Brothers in Arms.
 34668 | Spider:3 | Noticed Arachne
 34671 | Spider:3 | 34671 ||| INVOKING Berserk.
 34682 | Spider:3 | Killed Arachne
 34686 | Spider:3 | 34686 ||| INVOKING Brothers in Arms.
 34693 | Spider:3 | 34693 ||| INVOKING Brothers in Arms.
 34700 | Spider:3 | Blown up by an orb spider

Levels and vault maps discovered:
D:1:      amcnicky_arrival_abandoned_market, layout_basic,
          dilly_ecumenical_altar_fadedgnrine
D:2:      layout_basic
D:3:      layout_loops_ring, uniq_natasha
D:4:      lemuel_castle_with_subvaults [lemuel_castle_interior_carwin_3],
          layout_basic, mainiacjoe_overflow_tiny_flanked,
          hangedman_abyss_or_decor_jellyfish_corner, nicolae_elemental_shop
D:5:      layout_rooms, serial_shops, shop, nicolae_stop_n_shop_1,
          nicolae_shop_hallway_stairs, nicolae_shop_behind_doors,
          nicolae_diamond_shop, uniq_edmund, uniq_ijyb, uniq_sigmund
D:6:      layout_loops_ring, minmay_temple_entry_ruins,
          cheibrodos_sewer_entry_drain, gammafunk_ghost_stat_death,
          nrook_mini_backslash
D:7:      layout_basic, kennysheep_diamond
D:8:      corexii_shack_village, layout_loops_ring,
          mainiacjoe_overflow_divided_tiny, palyth_stone_intersect,
          hellmonk_guarded_unrand_gyre_and_gimble
D:9:      layout_roguey, orc_0_dummy, uniq_prince_ribbit1, uniq_harold
D:10:     layout_loops_cross, nicolae_dithmenos_the_darkroom,
          chequers_serial_rivers_large_b
D:11:     layout_loops_corners, david_lair_shrubbed,
          maelrawn_ghost_gauntlet_escape, minmay_misc_feat_hallway
D:12:     minmay_quarter_circles, layout_basic, fungi_pond_lemuel,
          hangedman_decor_lopped, uniq_josephine, uniq_maurice
D:13:     layout_gridville, serial_bayou_pond_e, grunt_gozag_breadcrumbs
D:14:     layout_cave_pods, lightli_vaults_fourway_checkpoint,
          nicolae_benzene_ring, serial_shops, nicolae_shop_window_shopping,
          nicolae_titane
D:15:     grunt_enter_depths_hoard, layout_irregular_city,
          muffindrake_ghost_dual_entry, corexii_corridor_pit, serial_demonic,
          serial_demonic_e, serial_demonic_f, serial_demonic_b,
          serial_demonic_e, serial_demonic_b, serial_demonic_g,
          serial_demonic_b, serial_demonic_b
Lair:1:   layout_chaotic_city, infiniplex_staircase_pool
Lair:2:   layout_big_grid, nzn_ghost_randoct
Lair:3:   layout_gridlike, elwin_shoals_entry_stream, dummy_spider_entry
Lair:4:   layout_misc_corridors
Lair:5:   hellmonk_lair_end_abyssal_woods, layout_gridlike, slime_entry_1,
          grunt_megastairs_4, uniq_urug
Spider:1: layout_cave_pods
Spider:2: layout_spider_delve
Spider:3: layout_spider_delve, lemuel_hornet_nest, uniq_arachne
Orc:1:    layout_diamond_mine, abandoned_shop, uniq_nergalle
Orc:2:    grunt_orc_tribal_feast, layout_caves, basic_altar,
          nicolae_shop_self_help

Skill      XL: |  1  2  3  4  5  6  7  8  9 10 11 12 13 14 15 16 |
---------------+-------------------------------------------------+-----
Axes           | 4 5 6 7 8 9 10 12 13 16 18 | 18.0
Fighting       | 4 5 7 8 9 12 14 16 18 | 18.0
Armour         | 4 5 7 8 11 13 14 16 | 16.0
Dodging        | 3 4 6 8 9 10 | 10.1
Throwing       | 3 6 8 |  8.0
Shields        | 4 12 16 | 16.0

Action                   |  1- 3 |  4- 6 |  7- 9 | 10-12 | 13-15 | 16-18 || total
-------------------------+-------+-------+-------+-------+-------+-------++-------
Melee: Hand axe          |   109 |   117 |   258 |    32 |       |       ||   516
       Headbutt          |    10 |    22 |    57 |   103 |   250 |    65 ||   507
       Punch             |     1 |       |     2 |     5 |    12 |       ||    20
       War axe           |       |       |       |   449 |   553 |       ||  1002
       Flail             |       |       |       |    18 |    30 |       ||    48
       Broad axe         |       |       |       |       |   488 |   262 ||   750
Throw: Boomerang         |       |    23 |       |    21 |    36 |    27 ||   107
       Javelin           |       |       |       |       |   105 |    32 ||   137
Invok: Berserk           |     2 |     9 |    11 |    24 |    40 |     6 ||    92
       Brothers in Arms  |       |       |       |     3 |     8 |     5 ||    16
       Trog's Hand       |       |       |       |       |     4 |       ||     4
  Use: Scroll            |     6 |     5 |     8 |    11 |    13 |     1 ||    44
       Potion            |     1 |       |     2 |       |     5 |     2 ||    10
Armor: Animal skin       |    17 |     2 |       |       |       |       ||    19
       Ring mail         |       |    14 |     3 |       |       |       ||    17
       Chain mail        |       |       |    42 |       |       |       ||    42
       Plate armour      |       |       |    11 |   143 |   524 |   125 ||   803
Dodge: Dodged            |    62 |    52 |    88 |   211 |   437 |    78 ||   928
Block: Other             |       |    10 |    37 |    83 |   116 |       ||   246
       Reflection        |       |       |     2 |     4 |     9 |     1 ||    16
       Kite shield       |       |       |       |       |   386 |   266 ||   652

Table legend:
 A = Non-vault XP
 B = Vault XP
 C = Vault XP percentage of total XP
 D = Non-vault monster count
 E = Vault monster count
 F = Vault count percentage of total count
                 A         B        C        D         E       F
            +---------+---------+-------+---------+---------+-------
      Total |  124071 |   66378 |  34.9 |     616 |     266 |  30.2
            +---------+---------+-------+---------+---------+-------
        D:1 |      36 |       0 |   0.0 |      21 |       0 |   0.0
        D:2 |      46 |       0 |   0.0 |      19 |       0 |   0.0
        D:3 |     152 |      35 |  18.7 |      24 |       1 |   4.0
        D:4 |      55 |     561 |  91.1 |       6 |      52 |  89.7
        D:5 |     590 |     438 |  42.6 |      14 |       4 |  22.2
        D:6 |    1498 |       5 |   0.3 |      31 |       2 |   6.1
        D:7 |     512 |     219 |  30.0 |       8 |       2 |  20.0
        D:8 |    1897 |    1849 |  49.4 |      32 |      10 |  23.8
        D:9 |    1518 |    1158 |  43.3 |      19 |       2 |   9.5
       D:10 |    2527 |       0 |   0.0 |      29 |       0 |   0.0
       D:11 |    2442 |     361 |  12.9 |       8 |       1 |  11.1
       D:12 |    5145 |   17400 |  77.2 |      15 |      43 |  74.1
       D:13 |    6938 |       0 |   0.0 |      17 |       0 |   0.0
       D:14 |    9684 |    7214 |  42.7 |      21 |      12 |  36.4
       D:15 |    2682 |   10321 |  79.4 |       6 |      21 |  77.8
     Lair:1 |    5273 |       0 |   0.0 |      21 |       0 |   0.0
     Lair:2 |    5821 |       0 |   0.0 |      20 |       0 |   0.0
     Lair:3 |    8983 |    1538 |  14.6 |      41 |       4 |   8.9
     Lair:4 |    6857 |       0 |   0.0 |      28 |       0 |   0.0
     Lair:5 |   11118 |   14508 |  56.6 |      39 |      45 |  53.6
   Spider:1 |   16513 |       0 |   0.0 |      52 |       0 |   0.0
   Spider:2 |   18040 |       0 |   0.0 |      46 |       0 |   0.0
   Spider:3 |   11218 |    2136 |  16.0 |      21 |       1 |   4.5
      Orc:1 |    4025 |    1551 |  27.8 |      64 |       6 |   8.6
      Orc:2 |     501 |    6887 |  93.2 |      14 |      24 |  63.2
      Sewer |       0 |     197 | 100.0 |       0 |      36 | 100.0
            +---------+---------+-------+---------+---------+-------
